 Dungeon Crawl Stone Soup version 0.25-a0-566-g062765b (webtiles) character file.

Game seed: 14972715897255762592, levelgen mode: deterministic

10 15 the Caller (level 2, 0/19 HPs)
             Began as a Barachi Summoner on Feb 28, 2020.
             Slain by a dart slug (1 damage)
             ... on level 1 of the Dungeon.
             The game lasted 00:01:09 (583 turns).

15 the Caller (Barachi Summoner)                     Turns: 583, Time: 00:01:10

Health: 0/19       AC:  2    Str:  9    XL:     2   Next: 20%
Magic:  3/5        EV: 12    Int: 15    God:
Gold:   0          SH:  0    Dex: 12    Spells: 4/5 levels left

rFire    . . .     SeeInvis .   d - +0 dagger
rCold    . . .     Gourm    .   (no shield)
rNeg     . . .     Faith    .   a - +0 robe
rPois    .         Spirit   .   (no helmet)
rElec    .         Reflect  .   (no cloak)
rCorr    .         Harm     .   (no gloves)
MR       .....                  (no boots)
Stlth    ++........             (no amulet)
HPRegen  0.06/turn              b - ring of flight
MPRegen  0.09/turn              (no ring)

@: slow
A: +LOS, swims, slowness 1, strong legs 1
a: Hop, Evoke Flight


You were on level 1 of the Dungeon.
You were not hungry.

You visited 1 branch of the dungeon, and saw 1 of its levels.

Inventory:

Hand Weapons
 d - a +0 dagger (weapon)
Armour
 a - a +0 robe (worn)
Jewellery
 b - a ring of flight (left hand)
Comestibles
 c - a ration


   Skills:
 + Level 2.2 Dodging
 + Level 1.8 Stealth
 + Level 2.2 Spellcasting
 + Level 5.3 Summonings


You had 4 spell levels left.
You knew the following spells:

 Your Spells              Type           Power        Failure   Level  Hunger
a - Summon Small Mammal   Summ           ###.         2%          1    #......

Your spell library contained the following spells:

 Spells                   Type           Power        Failure   Level  Hunger
 Call Imp                 Summ           ###.....     3%          2    ###....
 Call Canine Familiar     Summ           ###.....     7%          3    ###....
 Summon Guardian Golem    Hex/Summ       #.......     22%         3    ###....
 Summon Ice Beast         Ice/Summ       #.......     58%         4    #####..
 Summon Lightning Spire   Summ/Air       #.......     58%         4    #####..


Dungeon Overview and Level Annotations

Branches:
Dungeon (1/15)

Altars:
Ashenzari


Innate Abilities, Weirdness & Mutations

You can be seen from farther away. (+LOS)
You can swim through water.
You cover ground slowly.
You can hop short distances.


Message History

The dart slug bites you.
* * * LOW HITPOINT WARNING * * *
Casting: Summon Small Mammal (safe; 2% risk of failure)
Confirm with . or Enter, or press ? or * to list all spells.
You don't know that spell.
Casting: Summon Small Mammal (safe; 2% risk of failure)
Confirm with . or Enter, or press ? or * to list all spells.
You don't know that spell.
Casting: Summon Small Mammal (safe; 2% risk of failure)
Confirm with . or Enter, or press ? or * to list all spells.
You don't know that spell.
Okay, then.
Casting: Summon Small Mammal (safe; 2% risk of failure)
Confirm with . or Enter, or press ? or * to list all spells.
Okay, then.
You hit the dart slug but do no damage.
The dart slug is moderately wounded.
The ball python bites you but does no damage.
The ball python barely misses you. The dart slug bites you.
You die...

.....#..#.# #....#
.#...#..#.######....#
.#.#.#..#.....##....#
................>#
.#.#....####...#.# #
#.#....# ###.#.# #.#
##.#....# #.#s# ..
...#.#..#
#.#w#h######
####.#..#
#.#@Sh...... #
#.#.... #.###b##...#
# #.#...# #.# .# . #
#.#.... #.# . #
##.#.#.#.# #.# #. #
#....#.#.# #.# #. #
#....#.#.# #S #
#....#...# # K. #
#....#...#.#


You could see a dart slug, 2 jackals, a giant cockroach, a bat and a ball
python.

Vanquished Creatures
  2 dart slugs (D:1)
  A leopard gecko (D:1)
3 creatures vanquished.

Vanquished Creatures (collateral kills)
  A goblin (D:1)
  A jackal (D:1)
  A bat (D:1)
  A frilled lizard (D:1)
4 creatures vanquished.

Grand Total: 7 creatures vanquished

Notes
Turn   | Place    | Note
-------+----------+-------------------------------------------
     0 | D:1      | 15 the Barachi Summoner began the quest for the Orb.
     0 | D:1      | Reached XP level 1. HP: 13/13 MP: 3/3
     0 | D:1      | Noticed an octopode
     0 | D:1      | Noticed a draconian
     1 | D:1      | Noticed an ogre
     3 | D:1      | Noticed a human
     7 | D:1      | Noticed a naga
     8 | D:1      | Noticed a draconian
    12 | D:1      | Noticed a minotaur
    13 | D:1      | Noticed a dwarf
    17 | D:1      | Noticed a gargoyle
    19 | D:1      | Noticed a vampire
    19 | D:1      | Noticed an elf
    21 | D:1      | Noticed an octopode
    47 | D:1      | Reached skill level 5 in Summonings
   295 | D:1      | Reached XP level 2. HP: 4/19 MP: 5/5
   557 | D:1      | Found a shattered altar of Ashenzari.
   583 | D:1      | Slain by a dart slug

Levels and vault maps discovered:
D:1:      shiori_arrival_whats_in_store_for_you, layout_basic,
          minmay_strange_pillars, hangedman_decor_peaks_small, ashenzari_altar_1

Skill      XL: |  1 |
---------------+----+-----
Summonings     | 5 |  5.3
Dodging        | |  2.2
Stealth        | |  1.8
Spellcasting   | |  2.2

Action                   || total
-------------------------++-------
Melee: Unarmed           ||    11
       Dagger            ||    24
 Cast: Summon Small Mamm ||     6
Armor: Robe              ||     5
Dodge: Dodged            ||    26

Table legend:
 A = Non-vault XP
 B = Vault XP
 C = Vault XP percentage of total XP
 D = Non-vault monster count
 E = Vault monster count
 F = Vault count percentage of total count
                 A         B        C        D         E       F
            +---------+---------+-------+---------+---------+-------
      Total |      15 |       0 |   0.0 |       7 |       0 |   0.0
            +---------+---------+-------+---------+---------+-------
        D:1 |      15 |       0 |   0.0 |       7 |       0 |   0.0
            +---------+---------+-------+---------+---------+-------
